 Dungeon Sprint DCSS version 0.31-a0-703-gcfe89afef6 (webtiles) character file.

Game seed: 438284610526617959

19113 sircluck the Brawler (level 12, -2/144 HPs)
             Began as a Troll Berserker on Sept 8, 2023.
             Was the Champion of Trog.
             Shot with a bolt by a yaktaur captain (18 damage)
             ... in the Dungeon (Sprint III: "The Ten Rune Challenge").
             The game lasted 00:06:42 (1915 turns).

sircluck the Brawler (Troll Berserker)              Turns: 1915, Time: 00:06:42

Health: -2/144     AC:  3    Str: 32    XL:     12   Next: 33%
Magic:  11/11      EV: 14    Int:  3    God:    Trog [******]
Gold:   4152       SH:  0    Dex:  9    Spells: 11/11 levels left

rFire   . .          .
                       - Unarmed
rCold   . . .        (no shield)
rNeg    . . .        a - +0 animal skin
rPois   .            p - +2 hat {SInv}
rElec   .            n - +0 cloak
rCorr   .            (gloves unavailable)
SInv    +            (boots unavailable)
Will    .....        (no amulet)
Stlth   +            (no ring)
HPRegen 1.24/turn    (no ring)
MPRegen 0.12/turn

%: no teleportation
@: corroded
A: large, unfitting armour, claws 3, regeneration 1, shaggy fur 1, tough skin 1
a: Renounce Religion, Berserk, Trog's Hand, Brothers in Arms


You were in the Dungeon.
You worshipped Trog.
Trog was exalted by your worship.
You visited 1 branch You collected 4152 gold pieces.

Inventory:

Missiles
 r - 7 curare-tipped darts (quivered)
Armour
 a - a +0 animal skin (worn)
 n - a +0 cloak (worn)
 p - a +2 hat of see invisible (worn)
Wands
 m - a wand of flame (19)
 o - a wand of quicksilver (4)
Scrolls
 i - 2 scrolls of torment {unknown}
 j - a scroll of identify {unknown}
 l - a scroll of vulnerability {unknown}
Potions
 b - a potion of curing
 d - a potion of haste
 e - 2 potions of magic
 f - a potion of berserk rage
 h - 5 potions of mutation
 k - 3 potions of enlightenment
 q - a potion of invisibility {unknown}


   Skills:
 + Level 16.1 Fighting
 + Level 15.9 Dodging
 + Level 18.7 Unarmed Combat


You had 11 spell levels left.
You didn't know any spells.
Your spell library was empty.

Dungeon Overview and Level Annotations

Branches:
Dungeon (1/1)

Altars:
Cheibriados
Dithmenos
Elyvilon
Fedhas
Gozag
Hepliaklqana
Kikubaaqudgha
Makhleb
Nemelex Xobeh
Okawaru
Qazlal
Ru
Sif Muna
Trog
Uskayaw
Vehumet
Wu Jian
Xom
Yredelemnul
Zin
The Shining One
Jiyva
Lugonu

Shops:
D *


Innate Abilities, Weirdness & Mutations

You are too large for most types of armour.
You have claws for hands.
Your natural rate of healing is unusually fast.
You are covered in fur. (AC +1)
You have tough skin. (AC +1)


Message History

Aiming: Quicksilver Bolt
Press: ? - help, Q - select action, (/) - cycle Shift-Dir - straight line, f/p - orc high priest
Aim: an orc high priest, wielding a +0 trident (moderately wounded, 64% to hit)
The bolt of dispelling energy misses the sixfirhy.
The bolt of dispelling energy misses the orc high priest.
The sixfirhy hits you.
* * * LOW HITPOINT WARNING * * *
The sixfirhy shocks you!
* * * LOW HITPOINT WARNING * * *
The sixfirhy hits you.
* * * LOW HITPOINT WARNING * * *
The sixfirhy shocks you!
* * * LOW HITPOINT WARNING * * *
The sixfirhy closely misses you.
The sixfirhy hits you but does no damage.
The orc priest completely misses you.
The orc high priest hits you from afar with a +0 trident.
* * * LOW HITPOINT WARNING * * *
The rust devil completely misses you.
You feel much better.
The orc high priest hits you from afar with a +0 trident.
* * * LOW HITPOINT WARNING * * *
The orc priest mumbles some strange prayers to Beogh against you.
Beogh smites you!
* * * LOW HITPOINT WARNING * * *
The orc high priest hits you from afar with a +0 trident.
* * * LOW HITPOINT WARNING * * *
The chaos spawn grows dozens of eye stalks in order to get a better look at you.
The rust devil hits you. The rust devil corrodes you!
Blink to where?
Press: ? - help, Q - select action, (/) - cycle Dir - move target, p - orc high priest A yaktaur captain and 2 yaktaurs come into view.
As you read the scroll of blinking, it crumbles to dust.
The yaktaur captain shouts!
The yaktaur shouts! x2
The soul eater disappears in a puff of smoke!
The yaktaur wields a +0 arbalest.
The yaktaur shoots a bolt.
The bolt misses you.
The yaktaur captain wields a +0 arbalest.
The yaktaur captain shoots a bolt.
The bolt hits you!!
You die...

#..#.##)###.#.^....#...~≈###
)#.#.##.#.)##^.....#...~≈≈≈#
.#..#..##.)'^......#...~~~~#
▓▓▓▓▓▓▓▓▓▓▓#.....^.#.......#
.....~~~...#..^....#.......#
≈≈≈≈≈≈≈♣♣P.'.^^^^..#.......#
♣♣♣♣♣♣♣♣♣PP#.....^.#########
♣♣♣##'######## #)).'@≈≈§§#
#...#.≈≈§≈# #...#.#≈≈≈#
#####.#c≈≈≈# #4o4§o# #≈≈≈≈
#.43.§# c≈≈≈ #.oo44# #§≈
#....P# c≈ #+#####


You could see a yaktaur captain, 2 yaktaurs, an ice devil (summoned), a rust
devil (summoned) and an orc priest.

Vanquished Creatures
  Harold (D)
  A dire elephant (D)
  Erolcha (D)
  4 death yaks (D)
  Joseph (D)
  3 deep elf zephyrmancers (D)
  2 deep elf pyromancers (D)
  An elephant (D)
  2 black mambas (D)
  2 cane toads (D)
  A rime drake (D)
  A komodo dragon (D)
  8 blink frogs (D)
  A tyrant leech (D)
  A shadow (D)
  3 redbacks (D)
  A spatial vortex (D)
  3 wandering mushrooms (D)
  A swamp drake (D)
  2 orc warriors (D)
  5 two-headed ogres (D)
  A necrophage (D)
  A water elemental (D)
  15 killer bees (D)
  3 orc priests (D)
  A jelly (D)
  A wizard (D)
  Jessica (D)
  2 orc wizards (D)
  A necromancer (D)
  3 humans (D)
  A kobold demonologist (D)
  A phantom (D)
  11 orcs (D)
  An endoplasm (D)
  2 rats (D)
90 creatures vanquished.

Vanquished Creatures (collateral kills)
  Rupert (D)
  Gastronok (D)
  A dire elephant (D)
  A deep elf zephyrmancer (D)
  An elephant (D)
  A queen bee (D)
  17 killer bees (D)
23 creatures vanquished.

Grand Total: 113 creatures vanquished

Notes
Turn   | Place    | Note
-------+----------+-------------------------------------------
     0 | D        | sircluck the Troll Berserker began the quest for the Orb.
     0 | D        | Reached XP level 1. HP: 22/22 MP: 0/0
    10 | D        | Noticed Jessica
    15 | D        | Killed Jessica
    15 | D        | Reached ** piety under Trog
    16 | D        | Reached skill level 4 in Unarmed Combat
    16 | D        | Reached XP level 2. HP: 31/32 MP: 1/1
    20 | D        | Reached XP level 3. HP: 39/39 MP: 2/2
    73 | D        | Reached *** piety under Trog
    74 | D        | Reached skill level 5 in Unarmed Combat
    84 | D        | Noticed a water elemental
    87 | D        | Killed a water elemental
    88 | D        | Reached skill level 5 in Fighting
    88 | D        | Reached skill level 5 in Dodging
    88 | D        | Reached skill level 6 in Unarmed Combat
    88 | D        | Reached XP level 4. HP: 50/50 MP: 3/3
   131 | D        | Found a basalt altar of Yredelemnul.
   131 | D        | Found a shadowy altar of Dithmenos.
   131 | D        | Found a sacrificial altar of Ru.
   131 | D        | Noticed a necrophage
   135 | D        | Killed a necrophage
   136 | D        | Reached XP level 5. HP: 54/59 MP: 4/4
   139 | D        | Reached skill level 7 in Unarmed Combat
   150 | D        | Found a hide-covered altar of Uskayaw.
   150 | D        | Found an iron altar of Okawaru.
   150 | D        | Found a bloodstained altar of Trog.
   150 | D        | Found an ornate altar of the Wu Jian Council.
   150 | D        | Noticed a human
   151 | D        | Noticed a human
   152 | D        | Killed a human
   152 | D        | Reached **** piety under Trog
   153 | D        | Reached skill level 8 in Unarmed Combat
   153 | D        | Reached XP level 6. HP: 68/68 MP: 5/5
   155 | D        | Killed a human
   156 | D        | Reached skill level 9 in Unarmed Combat
   196 | D        | Found a radiant altar of Vehumet.
   196 | D        | Found a shimmering blue altar of Sif Muna.
   196 | D        | Found an ancient bone altar of Kikubaaqudgha.
   205 | D        | Reached ***** piety under Trog
   211 | D        | Found a glowing silver altar of Zin.
   211 | D        | Found a glowing golden altar of the Shining One.
   211 | D        | Found a white marble altar of Elyvilon.
   212 | D        | Noticed a deep elf pyromancer
   219 | D        | Killed a deep elf pyromancer
   220 | D        | Reached skill level 10 in Unarmed Combat
   220 | D        | Reached XP level 7. HP: 43/81 MP: 6/6
   256 | D        | Noticed a shadow
   262 | D        | Killed a shadow
   263 | D        | Reached XP level 8. HP: 90/92 MP: 7/7
   270 | D        | Found a blossoming altar of Fedhas.
   270 | D        | Found a stormy altar of Qazlal.
   270 | D        | Found a snail-covered altar of Cheibriados.
   270 | D        | Found a burning altar of Makhleb.
   270 | D        | Found a shimmering altar of Xom.
   271 | D        | Found a hazy altar of Hepliaklqana.
   271 | D        | Found an opulent altar of Gozag.
   271 | D        | Found a sparkling altar of Nemelex Xobeh.
   271 | D        | Found a corrupted altar of Lugonu.
   271 | D        | Found a viscous altar of Jiyva.
   308 | D        | Reached skill level 11 in Unarmed Combat
   353 | D        | Noticed a two-headed ogre
   359 | D        | Killed a two-headed ogre
   359 | D        | Reached ****** piety under Trog
   360 | D        | Reached skill level 10 in Fighting
   421 | D        | Noticed Erolcha
   421 | D        | Noticed a two-headed ogre
   430 | D        | Killed a two-headed ogre
   431 | D        | Reached skill level 10 in Dodging
   431 | D        | Reached skill level 12 in Unarmed Combat
   435 | D        | Killed Erolcha
   436 | D        | Reached XP level 9. HP: 47/105 MP: 8/8
   437 | D        | Received a gift from Trog
   446 | D        | Reached skill level 13 in Unarmed Combat
   502 | D        | Noticed a wandering mushroom
   506 | D        | Noticed a wandering mushroom
   508 | D        | Noticed a wandering mushroom
   570 | D        | Noticed a cane toad
   570 | D        | Noticed a komodo dragon
   570 | D        | Noticed a cane toad
   572 | D        | Killed a cane toad
   574 | D        | Killed a cane toad
   577 | D        | Killed a komodo dragon
   577 | D        | Received a gift from Trog
   578 | D        | Reached XP level 10. HP: 115/115 MP: 9/9
   637 | D        | Reached skill level 14 in Unarmed Combat
   753 | D        | Received a gift from Trog
   903 | D        | Noticed Rupert
   914 | D        | Killed Rupert
   915 | D        | Reached skill level 15 in Unarmed Combat
   923 | D        | Noticed an elephant
   924 | D        | Noticed an elephant
   924 | D        | Noticed a dire elephant
   924 | D        | Noticed a dire elephant
   924 | D        | Noticed Gastronok
   926 | D        | Killed an elephant
   930 | D        | Killed an elephant
   934 | D        | Killed a dire elephant
   935 | D        | Reached XP level 11. HP: 32/128 MP: 10/10
   937 | D        | Killed a dire elephant
   937 | D        | Received a gift from Trog
   938 | D        | Reached skill level 16 in Unarmed Combat
   942 | D        | Killed Gastronok
  1038 | D        | Noticed an azure jelly
  1038 | D        | Noticed an azure jelly
  1038 | D        | Noticed an azure jelly
  1039 | D        | Noticed an azure jelly
  1054 | D        | Noticed a death yak
  1056 | D        | Noticed a death yak
  1074 | D        | Killed a death yak
  1117 | D        | Noticed a death yak
  1123 | D        | Noticed a death yak
  1124 | D        | Killed a death yak
  1129 | D        | Reached skill level 17 in Unarmed Combat
  1138 | D        | Killed a death yak
  1146 | D        | Killed a death yak
  1146 | D        | Received a gift from Trog
  1149 | D        | Reached skill level 15 in Fighting
  1342 | D        | Noticed Joseph
  1343 | D        | Noticed Harold
  1353 | D        | Killed Joseph
  1356 | D        | Killed Harold
  1357 | D        | Reached skill level 15 in Dodging
  1429 | D        | Received a gift from Trog
  1431 | D        | Reached XP level 12. HP: 143/143 MP: 11/11
  1442 | D        | Reached skill level 18 in Unarmed Combat
  1445 | D        | Received a gift from Trog
  1454 | D        | Received a gift from Trog
  1590 | D        | Found Kamod's General Store.
  1598 | D        | Received a gift from Trog
  1613 | D        | Received a gift from Trog
  1742 | D        | Identified the +2 giant spiked club of Equivalence {heavy,
                  | rPois Will- Str+4} (Trog gifted it to you in the Dungeon)
  1742 | D        | Received a gift from Trog
  1757 | D        | Noticed a deep elf demonologist
  1765 | D        | Received a gift from Trog
  1915 | D        | Noticed a yaktaur captain
  1915 | D        | Shot with a bolt by a yaktaur captain

Illustrated notes

Levels and vault maps discovered:
D:        dungeon_sprint_mu [sprint_mu_entry_forest, sprint_mu_temple_rooms,
          sprint_mu_d1_spiders, sprint_mu_d2_genie, sprint_mu_d3_branching,
          sprint_mu_orc_legion, sprint_mu_elf_gauntlet, sprint_mu_hive_nellie,
          sprint_mu_lair_fedhas, sprint_mu_vaults_butterflies,
          sprint_mu_slime_circle, sprint_mu_shoals_archi,
          sprint_mu_snake_twists, sprint_mu_blade_basic, sprint_mu_crypt_lich,
          sprint_mu_tomb_spiral, sprint_mu_vestibule_basic,
          sprint_mu_gehenna_hellfire, sprint_mu_dis_giant,
          sprint_mu_tartarus_statrot, sprint_mu_cocytus_islands, sprint_mu_zot1]

Skill      XL: |  1  2  3  4  5  6  7  8  9 10 11 12 |
---------------+-------------------------------------+-----
Fighting       | 3 5 6 8 9 11 13 15 16 | 16.1
Dodging        | 3 5 6 8 9 10 11 13 15 | 15.9
Unarmed Combat | 4 6 8 10 12 13 15 17 18 | 18.7

Action                     |  1- 3 |  4- 6 |  7- 9 | 10-12 || total
---------------------------+-------+-------+-------+-------++-------
  Melee: Unarmed           |    19 |    24 |    60 |   205 ||   308
         Punch             |     1 |       |     4 |    16 ||    21
 Invoke: Berserk           |     1 |     1 |     1 |     2 ||     5
         Brothers in Arms  |       |       |       |     4 ||     4
  Evoke: Wand              |       |       |       |     2 ||     2
    Use: Potion            |       |       |       |     3 ||     3
         Scroll            |       |       |       |     1 ||     1
   Stab: Confused          |       |       |       |     1 ||     1
 Armour: Animal skin       |     6 |    10 |    24 |   161 ||   201
  Dodge: Dodged            |     9 |     2 |    25 |   156 ||   192

Table legend: (Time is in decaauts)
 A = Elapsed time spent in this place.
 B = Non-inter-level travel time spent in this place.
 C = Inter-level travel time spent in this place.
 D = Time resting spent in this place.
 E = Time spent auto-exploring this place.
 F = Levels seen in this place.
 G = Mean time per level.
                   A        B        C        D        E       F      G
               +--------+--------+--------+--------+--------+-----+--------+
         Total |   1891 |   1726 |    165 |    872 |    106 |   1 | 1891.0 |
       Dungeon |   1891 |   1726 |    165 |    872 |    106 |   1 | 1891.0 |
               +--------+--------+--------+--------+--------+-----+--------+

Top non-repeatable levels by time:
       D: 1891 daAuts
